[Event "Karel Janecek Open 2025"]
[Site "Prague"]
[Date "2025.02.27"]
[Round "1.9"]
[White "Popovic, Dusan"]
[Black "Ilandzis, Spyridon"]
[Result "1-0"]
[Annotator "TA"]
[ECO "B01"]
[WhiteElo "2494"]
[BlackElo "1996"]
[PlyCount "59"]
[EventDate "2025.02.21"]
[EventType "swiss"]
[EventCountry "CZE"]
[SourceTitle "playchess.com"]
[Source "ChessBase"]
[SourceQuality "1"]
[TimeControl "40/5400+30:1800+30"]

1. e4 d5 2. exd5 Qxd5 3. Nc3 Qa5 4. d4 Nf6 5. Nf3 Bg4 6. h3 Bh5 7. g4 Bg6 8. Ne5 e6 9. Nc4 Qa6 10. h4 Bb4 $1 {[%emt 0:01:38] B01: Scandinavian Defence.} 11. Rh3 {[%emt 0:00:57] And now Nd2 would win.} Qc6 ({Black should try} 11... h5 $14) 12. h5 $18 Be4 {[%emt 0:01:22] [#] White is clearly better.} 13. Nd2 $1 a6 {[%emt 0:06:18] [#] Inhibits Bb5.} (13... O-O) 14. a3 $1 Bd6 $146 (14... Ba5 {is a better defense.} 15. b4 Bg2) ({Predecessor:} 14... Ba5 15. b4 Bg2 16. d5 Bxd5 17. bxa5 Bg2 18. Bxg2 Qxg2 19. Qf3 Qxf3 20. Nxf3 Nxg4 {1-0 Belov,D (2140)-Dantas,C (2086) IECC KO email 1999}) 15. Ndxe4 (15. g5 Bf5 $18) 15... Nxe4 16. Bg2 f5 17. gxf5 exf5 18. Nxe4 fxe4 {[%emt 0:01:04] [#]} 19. Bxe4 $1 Qd7 (19... Qxe4+ 20. Re3) 20. Rf3 (20. Bxb7 Qxh3 21. Bxa8 (21. Qe2+ Kd7 $16) 21... c6 $14) 20... Nc6 21. Bg5 Ne7 {[%emt 0:08:39] Dodges Bf5} 22. Bxe7 Bxe7 23. Qd3 ({Don't take} 23. Bxb7 Rb8 $18) 23... Qg4 24. Bxb7 Rb8 25. Bc6+ ({Not} 25. Bxa6 Rxb2 26. h6 gxh6 $18) 25... Kd8 26. O-O-O Qxh5 $2 {[%emt 0:00:51] Black is weak on the light squares} (26... Rb6) 27. Kb1 {[%emt 0:02:13] Active counter play!} Rf8 28. Rxf8+ {[%emt 0:01:05] White mates.} Bxf8 29. Re1 Be7 30. Qc4 {[%emt 0:00:40] White took control after the opening.   Weighted Error Value: White=0.14 (very precise) /Black=0.89  Mistake:       	---       	Black=4      Inaccurate:     	---       	Black=1      OK:         	White=7     	Black=4      Best:        	---       	Black=2      Strong:       	White=2     	---} 1-0

[Event "Karel Janecek Open 2025"]
[Site "Prague"]
[Date "2025.02.27"]
[Round "1.10"]
[White "Hollmann, Thomas"]
[Black "Ghazarian, Kirk"]
[Result "0-1"]
[Annotator "TA"]
[ECO "B90"]
[WhiteElo "1994"]
[BlackElo "2493"]
[PlyCount "108"]
[EventDate "2025.02.21"]
[EventType "swiss"]
[EventCountry "CZE"]
[SourceTitle "playchess.com"]
[Source "ChessBase"]
[SourceQuality "1"]
[TimeControl "40/5400+30:1800+30"]

1. e4 c5 2. Nf3 d6 3. d4 cxd4 4. Nxd4 Nf6 5. Nc3 a6 6. h3 g6 7. Be3 {[%emt 0:00:14] B90: Sicilian Najdorf: Unusual White 6th moves, 6 Be3 Ng4 and 6 Be3 e5.} Bg7 8. Qd2 b5 9. f3 {[%emt 0:01:03] The position is equal.} Bb7 10. O-O-O h5 11. Kb1 Nbd7 12. Bd3 h4 13. Qf2 b4 $146 ({Predecessor:} 13... Qc7 14. Rhe1 Rb8 15. Nce2 Ne5 16. Bg5 Nc4 17. Bxh4 O-O 18. g4 Rfc8 19. Bg3 Nd7 {½-½ Han,J (2199)-Teh,R (2080) World ol U16 2023 (8.10)}) 14. Nce2 Qc7 15. Rc1 d5 16. exd5 Nxd5 17. Bg5 e5 (17... Qb6 $1 $17 18. Bxh4 e6) 18. Nb3 a5 19. Bb5 (19. c3 $1 $11 O-O 20. Rhd1 (20. Bxh4 Qd6 $15) (20. Qxh4 Qb6 $15)) 19... O-O $1 $15 20. Bxd7 Qxd7 21. Nc5 $1 Qb5 (21... Qc8 $15) 22. Nxb7 (22. c4 $1 $11 {keeps the balance.} bxc3 23. Nxc3 Nxc3+ 24. Rxc3) 22... Qxb7 $17 23. c4 {[%emt 0:04:46] Black has space advantage and is better} bxc3 24. Nxc3 {[%emt 0:00:10] [#]} Nxc3+ (24... e4 $1 $17 25. Nxe4 Rab8) 25. Rxc3 $11 e4 26. Rb3 (26. Rc2 $1 $15) 26... Qd5 (26... Qa6 $17 {aiming for ...a4.} 27. Rd1 a4) 27. Qd2 $1 $15 Qf5 (27... Qe6 {feels hotter.} 28. Re1 a4 29. Rb4 e3) 28. Qf4 Qxf4 29. Bxf4 a4 30. Re3 exf3 31. Rxf3 Rfe8 32. Rf2 {[%emt 0:03:28] Prevents Re2.} Re4 33. Rhf1 Ra5 34. Bc1 Ra7 35. Rf4 f5 ({Black should play} 35... Re2 $11) 36. Rxe4 $1 $14 fxe4 {[%emt 0:00:01][%mdl 4096] Endgame KRB-KRB} 37. Re1 (37. Rf4 Re7 38. Rf2 Be5 $11) 37... Re7 38. Bg5 {[%emt 0:00:12][%csl LRe7,LRh4] Wards off Bf6} Rb7 39. Re2 a3 (39... Kh7 $14) 40. b3 $1 $18 Rd7 41. Bc1 (41. Rxe4 Rd1+ 42. Bc1 (42. Kc2 Ra1 $17) 42... Bb2 $17) 41... Re7 (41... e3 {was necessary.} 42. Rxe3 (42. Bxe3 Re7 $18) 42... Bh6) 42. Bxa3 Re6 43. Bb2 Bf8 44. Bc1 Be7 45. a4 Kf7 46. Bd2 Kf6 47. Bc3+ Kf5 48. a5 (48. Rf2+ $18 Kg5 49. a5) 48... e3 $16 49. Kc2 $2 (49. Bd4 $16 {and life is bright.} Kf4 50. a6 Rxa6 51. Bxe3+ (51. Rxe3 Bb4 $16) 51... Kf5 52. Bd4) 49... Ke4 $17 {[%emt 0:01:25][%mdl 1024] Black has strong compensation.} 50. b4 $2 {[%emt 0:00:04] [#]} (50. Re1 $17 Rc6 51. Kb2) 50... Rc6 $1 $19 51. Kb2 Kd3 $1 52. Re1 e2 $1 (52... Rxc3 53. Rxe3+ Kxe3 54. Kxc3 $18) 53. Rc1 Bg5 54. b5 Bxc1+ {[%emt 0:00:07] Weighted Error Value: White=0.67/Black=0.22 (precise)   Loses game:     	White=1     	---        Mistake:       	White=5     	Black=7      Inaccurate:     	White=3     	Black=1      OK:         	White=14    	Black=14     Best:        	White=4     	Black=4      Strong:       	White=4     	Black=2} 0-1

[Event "Karel Janecek Open 2025"]
[Site "Prague"]
[Date "2025.02.27"]
[Round "1.11"]
[White "Ioannidis, Evgenios"]
[Black "Szvetits, Rene"]
[Result "1-0"]
[Annotator "TA"]
[ECO "D85"]
[WhiteElo "2484"]
[BlackElo "1992"]
[PlyCount "67"]
[EventDate "2025.02.21"]
[EventType "swiss"]
[EventCountry "CZE"]
[SourceTitle "playchess.com"]
[Source "ChessBase"]
[SourceQuality "1"]
[TimeControl "40/5400+30:1800+30"]

1. d4 Nf6 2. c4 g6 3. Nc3 d5 4. cxd5 Nxd5 5. e4 Nxc3 6. bxc3 Bg7 7. Qa4+ Nd7 8. Nf3 O-O 9. Be2 c5 10. Qa3 {[%emt 0:00:06] D85: Exchange Grünfeld: Unusual White 7th moves and lines with 7 Nf3.} cxd4 11. cxd4 Nf6 12. Qd3 $146 {[%emt 0:01:19] The position is equal.} (12. Qe3 $5) (12. Qe3 b6 13. h3 Bb7 14. Bd3 Rc8 15. Bd2 e6 16. O-O Re8 17. Rab1 Re7 18. Rfd1 {½-½ Fedoseev,V (2687)-Duda,J (2733) Rubinstein Memorial 60th 2024 (2)}) 12... b6 13. Bb2 a5 14. O-O Ba6 15. Qe3 Bxe2 16. Qxe2 Qd7 17. a4 Qb7 (17... e6 $11) 18. Rfe1 (18. d5 $14) 18... e6 $11 19. Ne5 b5 $2 {[%emt 0:06:12] [#] Black is now going downhill.} 20. axb5 $18 ({Not} 20. Qxb5 Qxb5 21. axb5 Rfb8 $14) 20... Nd7 21. Nc6 a4 22. h4 Nb8 (22... h5 $142 23. Ba3 Rfe8) 23. d5 Bxb2 24. Qxb2 Nxc6 $2 (24... h5 25. Qb4 Re8) 25. dxc6 {[%emt 0:00:07] White is clearly winning.} Qb6 26. h5 Ra5 (26... h6 $142 27. Qb4 Ra5) 27. h6 f6 28. Reb1 Kf7 29. Qb4 Rfa8 {[%emt 0:03:00] [#]} 30. e5 $1 a3 (30... fxe5 31. Ra3) 31. Qf4 f5 32. Qh4 Qd8 {[%emt 0:00:13] Prevents Qf6+} 33. Qxd8 Rxd8 34. c7 {[%emt 0:00:06] Weighted Error Value: White=0.14 (very precise) /Black=1.08  Loses game:     	---       	Black=1      Mistake:       	White=1     	Black=4      Inaccurate:     	White=1     	Black=1      OK:         	White=4     	Black=7      Best:        	White=2     	Black=1} 1-0

[Event "Karel Janecek Open 2025"]
[Site "Prague"]
[Date "2025.02.27"]
[Round "1.12"]
[White "Vykouk, Jan"]
[Black "Lysenko, Yuri"]
[Result "1-0"]
[Annotator "TA"]
[ECO "B03"]
[WhiteElo "2478"]
[BlackElo "1989"]
[PlyCount "45"]
[EventDate "2025.02.21"]
[EventType "swiss"]
[EventCountry "CZE"]
[SourceTitle "playchess.com"]
[Source "ChessBase"]
[SourceQuality "1"]
[TimeControl "40/5400+30:1800+30"]

1. e4 Nf6 2. e5 Nd5 3. d4 d6 4. c4 Nb6 5. f4 g6 6. Nc3 Bg7 7. Be3 O-O {[%emt 0:00:36] [#] 7...Be6 is the fancy move.} 8. c5 $1 {[%emt 0:02:56] B03: Alekhine's Defence: Four Pawns Attack.} N6d7 9. Nf3 {[%emt 0:00:19] White is more active.} Na6 10. Ne4 ({White should play} 10. Bxa6 $16 bxa6 11. h4) 10... d5 (10... dxc5 $14 11. dxc5 b6) 11. Nc3 $146 (11. Nf2 c6 12. a3 Nc7 13. h4 b6 14. b4 a5 15. h5 axb4 16. axb4 Rxa1 17. Qxa1 bxc5 18. bxc5 {1-0 Kotsur,P (2500)-Krivonogov,A (2315) RUS-Cup06 Nizhnij Novgorod 1998 (1)}) 11... c6 12. h4 b6 13. Qa4 b5 14. Qd1 b4 (14... h5 $16 15. Bd3 Nc7) 15. Ne2 $18 Nc7 16. h5 Re8 17. hxg6 fxg6 18. Ng3 Nf8 19. Bd3 Bg4 20. f5 {[%emt 0:00:33] [#] Hoping for fxg6.} Qd7 $2 (20... e6 21. f6 Bh8) 21. Qc2 {[%emt 0:00:44] White is clearly winning.} gxf5 22. Nxf5 h5 23. Ng3 {[%emt 0:00:22] Black did not feel at home in the position after the opening.   Weighted Error Value: White=0.11 (very precise) /Black=0.72  Mistake:       	White=1     	Black=3      Inaccurate:     	---       	Black=1      OK:         	White=8     	Black=3} 1-0

[Event "Karel Janecek Open 2025"]
[Site "Prague"]
[Date "2025.02.27"]
[Round "1.13"]
[White "Shevkunov, Vladyslav"]
[Black "Isik, Alparslan"]
[Result "0-1"]
[Annotator "TA RC"]
[ECO "A13"]
[WhiteElo "1989"]
[BlackElo "2477"]
[PlyCount "72"]
[EventDate "2025.02.21"]
[EventType "swiss"]
[EventCountry "CZE"]
[SourceTitle "playchess.com"]
[Source "ChessBase"]
[SourceQuality "1"]
[TimeControl "40/5400+30:1800+30"]

1. c4 Nf6 2. g3 e6 3. Bg2 d5 4. Nf3 d4 5. O-O Nc6 6. d3 Bc5 {[%emt 0:00:08] A13: English Opening: 1...e6.} 7. Nbd2 O-O 8. Nb3 Be7 {[%emt 0:00:04] The position is equal.} 9. e3 dxe3 10. Bxe3 Ng4 11. Bc5 Bxc5 12. Nxc5 b6 13. Qa4 $146 (13. Nb3 Bb7 14. d4 Rb8 15. Qe2 Nf6 16. Rad1 Ne7 17. Rfe1 Ng6 18. h4 Qc8 19. Bh3 {½-½ So,W (2747)-Keymer,V (2733) Oslo CCT Final 2024 (4.3)}) 13... Ne7 14. h3 bxc5 15. hxg4 Bb7 16. Qb5 Bxf3 17. Bxf3 Rb8 18. Qxc5 Rxb2 19. Kg2 Nc8 ({Black should play} 19... Qd6 $11 20. Qxa7 Rfb8) 20. Rh1 Qd6 21. Qe3 Ne7 22. Rh5 (22. Qxa7 f5 23. Rhf1 fxg4 24. Bxg4 Nf5 25. Bxf5 exf5 $11) (22. Rhb1 $14 Rc2 23. Bd1 (23. Qxa7 Qxd3 24. Rb8 g5 $11)) 22... Rd8 (22... f5 $5) 23. Rah1 Qxd3 {[%emt 0:04:50] [#]} (23... Rxa2 $2 {loses.} 24. Rxh7 f6 (24... Ng6 $2 25. Be4 $18) 25. c5 $18) (23... h6 $1 $11 {remains equal.}) 24. Rxh7 Ng6 $36 {[%emt 0:00:15][%mdl 2048] Black has good play. Active counter play!} ({And not} 24... Qxe3 25. Rh8#) 25. Qxa7 Qxc4 26. R7h5 $1 Rxa2 27. Qc5 Rc2 {[%emt 0:00:42] Some like it hot} 28. Qe3 (28. Qxc4 $15 Rxc4 29. Ra5) 28... Qd4 29. Qe1 (29. Qxd4 $15 Rxd4 30. Ra5) 29... c5 {[%emt 0:03:06] Hoping for ...Rb8.} 30. Be4 $2 {[%emt 0:01:58][%mdl 8192] [#] Now White is beyond hope.} (30. Rf1 $17) 30... Rxf2+ $3 $19 31. Qxf2 {[%emt 0:00:01] Hoping for Bxg6.} Qxe4+ 32. Kh2 Ne5 (32... Qxg4 33. Rxc5 f5 34. Rhc1 $17) 33. Qf4 (33. Rxe5 $19 Qxe5 34. Rf1) 33... Nxg4+ {[%emt 0:00:25] Black mates.} 34. Kh3 Qxh1+ 35. Kxg4 {[%emt 0:00:03] [#]} Qxh5+ $3 36. Kxh5 Rd5+ {[%emt 0:00:32] Weighted Error Value: White=0.56/Black=0.15 (very precise)   Loses game:     	White=1     	---        Mistake:       	White=5     	Black=2      Inaccurate:     	White=3     	Black=5      OK:         	White=8     	Black=13     Best:        	White=2     	Black=1      Strong:       	White=1     	---        Brilliant:      	---       	Black=1} 0-1

[Event "Karel Janecek Open 2025"]
[Site "Prague"]
[Date "2025.02.27"]
[Round "1.14"]
[White "Haring, Filip"]
[Black "Estevez Sacristan, Deva"]
[Result "1-0"]
[Annotator "TA"]
[ECO "A14"]
[WhiteElo "2470"]
[BlackElo "1988"]
[PlyCount "107"]
[EventDate "2025.02.21"]
[EventType "swiss"]
[EventCountry "CZE"]
[SourceTitle "playchess.com"]
[Source "ChessBase"]
[SourceQuality "1"]
[TimeControl "40/5400+30:1800+30"]

1. Nf3 Nf6 2. c4 e6 3. g3 d5 4. Bg2 Be7 5. O-O O-O 6. b3 c5 7. Bb2 Nc6 8. e3 d4 9. exd4 cxd4 10. Re1 Rb8 {[%emt 0:03:13] A14: English Opening: 1...e6 with b3 by White.} 11. d3 b6 12. Na3 $146 ({Predecessor:} 12. a3 a5 13. Nbd2 Bb7 14. Qc2 Re8 15. Re2 Bc5 16. Rae1 Qd6 17. Qc1 h6 18. h3 {0-1 Szikszai,B (2312)-Pasztor,B (2406) HUN-ch U20 Budapest 2024 (9)}) 12... Bc5 {[%emt 0:05:33] White has an edge.} 13. Nc2 Bb7 14. a3 {[%emt 0:02:56] b4 would now be deadly.} a5 15. Bc1 Re8 16. Rb1 e5 17. b4 Bd6 18. Bg5 h6 19. Bxf6 Qxf6 20. Nd2 Qg6 (20... axb4 $14 21. axb4 (21. Nxb4 Nxb4 22. axb4 Bxg2 $11) 21... Qg6) 21. Bd5 (21. Be4 $16 f5 22. Bd5+ Kh8 23. Nf3) 21... axb4 $14 (21... Qxd3 $2 22. Be4 Qc3 23. Rb3 $18) 22. Qf3 (22. axb4 $14 Ne7 23. Be4) 22... Na5 ({Black should play} 22... bxa3 $1 $11 23. Rxb6 (23. Bxc6 Bxc6 24. Qxc6 Qxd3 $15) 23... Nb4 24. Nxb4 Bxd5 25. Nxd5 Rxb6 26. Nxb6 Bb4) 23. axb4 Bxd5 24. cxd5 {[%emt 0:00:39][%csl Od5] White has a strong passed pawn} (24. Qxd5 {looks sharper.} Qxd3 25. bxa5 Qxd2 26. Qxd6 Qxc2 27. Rec1) 24... Nb7 25. Na3 Rbc8 26. Nb5 Bb8 27. Rec1 $36 {[%emt 0:07:06][%mdl 2048] White fights for an advantage.} f5 {[%emt 0:01:51] Black is on the road to losing.} (27... Nd6 $11 28. Nxd6 Rxc1+ 29. Rxc1 Qxd6) 28. Rc6 $16 Rxc6 29. dxc6 e4 30. dxe4 Qxc6 31. Nxd4 {[%emt 0:00:51] Excellent horsemanship.} (31. exf5 Qxb5 32. Qxb7 Qxf5 $15) (31. Qxf5 Be5 $16) 31... Qd7 32. Qb3+ (32. Qxf5 $2 {perishes.} Qxd4 33. Qd5+ Qxd5 34. exd5 Nd6 $19) 32... Kh8 {[%emt 0:00:20] [#]} (32... Kf8 $16) 33. Nxf5 $1 $18 Qxd2 (33... Nd6 {was called for.}) 34. Qf7 $1 Rg8 35. Qxb7 Qc2 36. Rf1 Be5 37. Qd5 Bf6 38. Qe6 Qc3 39. Qxb6 Rd8 40. Ne3 Re8 41. Nd5 {[%emt 0:30:29] White is clearly winning.} Bd4 42. Nxc3 Bxb6 {[%emt 0:00:00][%mdl 4096] Endgame KRB-KRN. White is 3 pawns up.} 43. Nd5 Bd4 44. Re1 Rf8 45. Re2 Kg8 46. Kg2 Kf7 47. f4 Ke6 48. Rd2 Ba7 49. b5 Rb8 50. Ra2 Bc5 51. Ra6+ Kd7 52. b6 Kc6 53. Ra7 Bd4 54. Kf3 {[%emt 0:00:00] Weighted Error Value: White=0.14 (very precise) /Black=0.34  Mistake:       	White=2     	Black=5      Inaccurate:     	White=2     	Black=2      OK:         	White=20    	Black=11     Best:        	White=2     	Black=3      Strong:       	White=1     	---} 1-0

[Event "Karel Janecek Open 2025"]
[Site "Prague"]
[Date "2025.02.27"]
[Round "1.15"]
[White "Mrazik, Tomas"]
[Black "Agmanov, Zhandos"]
[Result "0-1"]
[Annotator "TA"]
[ECO "A17"]
[WhiteElo "1987"]
[BlackElo "2469"]
[PlyCount "76"]
[EventDate "2025.02.21"]
[EventType "swiss"]
[EventCountry "CZE"]
[SourceTitle "playchess.com"]
[Source "ChessBase"]
[SourceQuality "1"]
[TimeControl "40/5400+30:1800+30"]

1. Nf3 Nf6 2. c4 e6 3. Nc3 d5 4. e3 Bd6 5. b3 O-O 6. Be2 {[%emt 0:01:19] A17: English Opening: 1...Nf6 with ...Bb4.} Re8 7. d4 b6 8. O-O {[%emt 0:03:13] The position is equal.} Bb7 9. Nb5 $146 ({Predecessor:} 9. Bb2 Nbd7 10. Qc2 c5 11. cxd5 Nxd5 12. Nxd5 Bxd5 13. Rac1 Rc8 14. Qd3 Bb7 15. Rfd1 {½-½ Reisch,J (1330)-Lohmann,T (1097) Harburg-chF 14t 2019 (1.1)}) 9... Bf8 10. Bb2 a6 11. Nc3 Nbd7 12. Qc2 Rc8 13. Rac1 Bd6 14. Rfd1 Qe7 15. Qb1 c5 16. Qa1 {[%emt 0:09:06] The position is symmetric and equal} (16. cxd5 $11 exd5 17. dxc5 bxc5 18. Qd3) 16... cxd4 17. Nxd4 (17. exd4 $15 Bf4 18. Rb1) 17... dxc4 $17 18. bxc4 Nc5 {[%emt 0:09:50][%csl Oc5] Strong Square Black (c5) Black is more active.} (18... Ne5 $17 19. Ndb5 Bb4 (19... axb5 20. Nxb5 Nfg4 21. Nxd6 $19) (19... Nxc4 20. Nxd6 Nxd6 21. Ba3 $11)) 19. Bf3 Red8 20. Bxb7 (20. Qb1 $15 {might be stronger.}) 20... Qxb7 ({Black should try} 20... Nxb7 $17 21. h3 Bb8 (21... Rxc4 22. Ne4 $11)) 21. Nf3 Be7 22. Rxd8+ Rxd8 23. Rd1 Rc8 24. Qb1 Ncd7 25. Rd4 ({White should play} 25. Qd3 $15) 25... Bc5 26. Rh4 h6 27. Ne4 {[%emt 0:03:08] aiming for Nxf6+.} Nxe4 28. Rxe4 Bf8 29. Rg4 b5 30. cxb5 Qxb5 31. Nd4 $2 (31. Rd4 $1 $15) 31... Qc4 $19 {[%emt 0:03:59] aiming for ...e5.} 32. h3 Nf6 33. Rg3 Bd6 34. Rf3 {[%emt 0:00:51][%mdl 8192] [#] White does not recover from this.} (34. f4 $17) 34... Ne4 $1 35. Nb3 (35. Qxe4 $2 {is a self mate.} Qc1+ 36. Bxc1 Rxc1#) (35. Qa1 Nd2) 35... Ng5 36. Qd1 Nxf3+ 37. Qxf3 (37. gxf3 $142 Be7 38. e4) 37... Qc2 {[%emt 0:00:21] ( -> ...Qb1+)} 38. Bc1 {[%emt 0:00:50] [#]} Qxc1+ $1 {[%emt 0:00:07][%mdl 512] Weighted Error Value: White=0.72/Black=0.13 (very precise)   Loses game:     	White=2     	---        Mistake:       	White=5     	Black=2      Inaccurate:     	White=2     	Black=2      OK:         	White=7     	Black=14     Best:        	---       	Black=2} 0-1

[Event "Karel Janecek Open 2025"]
[Site "Prague"]
[Date "2025.02.27"]
[Round "1.16"]
[White "Urazayev, Arystanbek"]
[Black "Baliuniene, Margarita"]
[Result "1-0"]
[Annotator "TA"]
[ECO "B27"]
[WhiteElo "2467"]
[BlackElo "1986"]
[PlyCount "47"]
[EventDate "2025.02.21"]
[EventType "swiss"]
[EventCountry "CZE"]
[SourceTitle "playchess.com"]
[Source "ChessBase"]
[SourceQuality "1"]
[TimeControl "40/5400+30:1800+30"]

1. e4 c5 2. Nf3 g6 3. Bc4 Bg7 4. c3 e6 5. O-O Ne7 6. d4 {[%emt 0:02:16] B27: Sicilian: 2 Nf3, unusual Black 2nd moves.} cxd4 7. Nxd4 Nbc6 8. Nxc6 {[%emt 0:08:10] White is slightly better.} bxc6 9. Qd6 $146 (9. Be3 O-O 10. Nd2 d5 11. exd5 exd5 12. Be2 Nf5 13. Bc5 Re8 14. Re1 Be6 15. Nf3 Qc7 {1-0 Schleiff,W-Heun,A Rangliste 1200-1500 23113 2021}) 9... O-O 10. Rd1 f5 $2 {[%emt 0:07:06][%mdl 8192] [#]} (10... Qe8 $14) 11. Bg5 Bf6 12. Bxf6 Rxf6 {[%emt 0:00:06] Black is weak on the dark squares} 13. e5 Rf8 {[%emt 0:02:31] [#]} 14. Bxe6+ dxe6 $2 (14... Kg7 15. Na3 (15. Bxd7 Qxd7 16. Qxd7 Bxd7 $18) 15... Qe8) (14... Kh8 15. Na3) 15. Qxd8 $18 {[%emt 0:00:06] White is clearly winning.} Rxd8 16. Rxd8+ Kf7 17. Na3 Bb7 18. Rad1 g5 19. Rxa8 Bxa8 20. Rd8 Bb7 21. Nc4 Ba6 22. Nd6+ Kg6 23. c4 c5 24. Re8 {[%emt 0:00:46] White took control after the opening.   Weighted Error Value: White=0.02 (flawless) /Black=0.75  Loses game:     	---       	Black=1      Mistake:       	---       	Black=1      Inaccurate:     	---       	Black=3      OK:         	White=7     	Black=6      Best:        	White=1     	---        Brilliant:      	White=1     	---} 1-0

[Event "Karel Janecek Open 2025"]
[Site "Prague"]
[Date "2025.02.28"]
[Round "2.1"]
[White "Balinski, Damian"]
[Black "Pechac, Jergus"]
[Result "0-1"]
[Annotator "ChessBase"]
[ECO "D00"]
[WhiteElo "2202"]
[BlackElo "2603"]
[PlyCount "72"]
[EventDate "2025.02.21"]
[EventType "swiss"]
[EventCountry "CZE"]
[SourceTitle "playchess.com"]
[Source "ChessBase"]
[SourceQuality "1"]
[TimeControl "40/5400+30:1800+30"]

1. d4 Nf6 2. e3 d5 3. Bd3 c5 4. c3 Nc6 5. f4 Bg4 6. Nf3 e6 7. O-O Be7 8. Nbd2 Qc7 9. Qe1 O-O 10. Ne5 Bf5 11. Qe2 Rab8 12. h3 Bxd3 13. Qxd3 b5 14. a3 a5 15. g4 g6 16. g5 Nh5 17. Kg2 c4 18. Qe2 Nxe5 19. dxe5 b4 20. axb4 axb4 21. Ra2 Ra8 22. Rxa8 Rxa8 23. Nf3 Ra2 24. Qc2 Qb6 25. Qb1 b3 26. Bd2 Ba3 27. bxa3 Qxe3 28. Rf2 Nxf4+ 29. Kg3 Ne2+ 30. Kg2 Rxd2 31. Nxd2 Qxd2 32. a4 b2 33. a5 Qxg5+ 34. Kh1 Qc1+ 35. Rf1 Ng3+ 36. Kg2 Nxf1 0-1

[Event "Karel Janecek Open 2025"]
[Site "Prague"]
[Date "2025.02.28"]
[Round "2.2"]
[White "Nyzhnyk, Illya"]
[Black "Dwilewicz, Katarzyna"]
[Result "1-0"]
[Annotator "ChessBase"]
[ECO "D02"]
[WhiteElo "2569"]
[BlackElo "2190"]
[PlyCount "63"]
[EventDate "2025.02.21"]
[EventType "swiss"]
[EventCountry "CZE"]
[SourceTitle "playchess.com"]
[Source "ChessBase"]
[SourceQuality "1"]
[TimeControl "40/5400+30:1800+30"]

1. d4 d5 2. Nf3 Nf6 3. Bf4 e6 4. e3 Bd6 5. Ne5 a6 6. c3 Qe7 7. Nd2 Nbd7 8. Qf3 Nf8 9. Qh3 Bd7 10. Bd3 Bb5 11. Bc2 O-O-O 12. a4 Bd7 13. Bg3 g5 14. Qh6 Rg8 15. h4 Bxe5 16. dxe5 Ng4 17. Qh5 f5 18. hxg5 Rxg5 19. Qh3 Qg7 20. Bf4 Rg6 21. Nf3 Qe7 22. Nh4 Rg8 23. f3 d4 24. exd4 Ng6 25. Nxg6 hxg6 26. fxg4 g5 27. Bd2 Rh8 28. Qxh8 Rxh8 29. Rxh8+ Be8 30. gxf5 c5 31. f6 Qf7 32. O-O-O 1-0

[Event "Karel Janecek Open 2025"]
[Site "Prague"]
[Date "2025.02.28"]
[Round "2.3"]
[White "Welling, Gerard"]
[Black "Grigoryan, Karen H."]
[Result "0-1"]
[Annotator "ChessBase"]
[ECO "A09"]
[WhiteElo "2195"]
[BlackElo "2554"]
[PlyCount "72"]
[EventDate "2025.02.21"]
[EventType "swiss"]
[EventCountry "CZE"]
[SourceTitle "playchess.com"]
[Source "ChessBase"]
[SourceQuality "1"]
[TimeControl "40/5400+30:1800+30"]

1. g3 e5 2. Bg2 d5 3. d3 c5 4. c4 d4 5. Nf3 Nc6 6. O-O f6 7. e3 Bd6 8. exd4 cxd4 9. Nh4 Nge7 10. a3 g5 11. Qh5+ Kd7 12. Nf3 Kc7 13. b4 Ng6 14. Nbd2 Qg8 15. Ne4 Be7 16. Bd2 Bf5 17. b5 Bxe4 18. dxe4 Nd8 19. Bb4 Ne6 20. Bxe7 Nxe7 21. Bh3 Nc5 22. Nd2 Qg6 23. Qd1 Rad8 24. Qb1 Qh6 25. Bg4 Qf8 26. a4 h5 27. Bf5 Kb8 28. a5 g4 29. f4 Nxf5 30. exf5 h4 31. Ne4 hxg3 32. Nxg3 Qh6 33. Ra2 exf4 34. Ne4 d3 35. Nxc5 d2 36. Na6+ Kc8 0-1

[Event "Karel Janecek Open 2025"]
[Site "Prague"]
[Date "2025.02.28"]
[Round "2.4"]
[White "Sasikiran, Krishnan"]
[Black "Chakrabarty, Reyaansh"]
[Result "1-0"]
[Annotator "ChessBase"]
[ECO "A14"]
[WhiteElo "2548"]
[BlackElo "2181"]
[PlyCount "77"]
[EventDate "2025.02.21"]
[EventType "swiss"]
[EventCountry "CZE"]
[SourceTitle "playchess.com"]
[Source "ChessBase"]
[SourceQuality "1"]
[TimeControl "40/5400+30:1800+30"]

1. d4 d5 2. c4 e6 3. Nf3 Nf6 4. g3 Be7 5. Bg2 O-O 6. O-O c6 7. Nc3 a5 8. b3 b6 9. Bb2 Ba6 10. a3 Nbd7 11. Nd2 Rc8 12. e3 c5 13. Nb5 cxd4 14. exd4 Bxb5 15. cxb5 Bd6 16. Re1 Qe7 17. Bf1 Rfe8 18. Bd3 e5 19. Bf5 e4 20. Nf1 g6 21. Bh3 Rc7 22. Ne3 Qd8 23. Rc1 Nf8 24. Rxc7 Qxc7 25. Re2 Qe7 26. Rc2 Bxa3 27. Bxa3 Qxa3 28. Rc6 Ne6 29. Kg2 Kg7 30. Rxb6 Qb4 31. Bxe6 Rxe6 32. Rb7 Rd6 33. Qc2 Qxd4 34. Qc8 Rb6 35. Ra7 Re6 36. Qc7 Qe5 37. Qxf7+ Kh6 38. Ra6 Qh5 39. Rxe6 1-0